 Dungeon Sprint DCSS version 0.30-a0-34-gbe8da3892a (webtiles) character file.

Game seed: 5921805143499168824

44 mhtbhm the Firebug (level 3, 0/19 HPs)
             Began as a Deep Elf Fire Elementalist on Aug 27, 2022.
             Slain by a human (8 damage)
             ... in the Dungeon (Sprint III: "The Ten Rune Challenge").
             The game lasted 00:00:45 (423 turns).

mhtbhm the Firebug (Deep Elf Fire Elementalist)      Turns: 423, Time: 00:00:46

Health: 0/19       AC:  2    Str:  5    XL:     3   Next: 39%
Magic:  11/11      EV: 13    Int: 21    God:
Gold:   0          SH:  0    Dex: 15    Spells: 3/12 levels left

rFire   . . .      SeeInvis .    (no weapon)
rCold   . . .      Faith    .    (no shield)
rNeg    . . .      Spirit   .    a - +0 robe
rPois   .          Reflect  .    (no helmet)
rElec   .          Harm     .    (no cloak)
rCorr   .          Rampage  .    (no gloves)
Will    .....      NoTele   +    (no boots)
Stlth   ++........               (no amulet)
HPRegen 0.06/turn                (no ring)
MPRegen 0.12/turn                (no ring)

@: no status effects
A: no striking features
a: no special abilities


You were in the Dungeon.
You visited 1 branch

Inventory:

Armour
 a - a +0 robe (worn)
Scrolls
 g - 2 scrolls of blinking
 h - a scroll of fear {unknown}
Potions
 b - 2 potions of magic
 c - a potion of curing
 d - a potion of heal wounds
 e - a potion of haste
 f - a potion of berserk rage


   Skills:
 + Level 3.6 Dodging
 + Level 3.3 Stealth
 + Level 5.4 Spellcasting
 + Level 1.7 Conjurations
 + Level 6.2 Fire Magic


You had 3 spell levels left.
You knew the following spells:

 Your Spells              Type           Power      Damage    Failure   Level
a - Foxfire               Conj/Fire      88%        2x1d8     1%          1
b - Scorch                Fire           64%        2d8       1%          2
c - Conjure Flame         Conj/Fire      22%        6-21      6%          3
d - Inner Flame           Hex/Fire       18%        N/A       9%          3

Your spell library contained the following spells:

 Spells                   Type           Power      Damage    Failure   Level
 Flame Wave               Conj/Fire      22%        2d8       21%         4


Dungeon Overview and Level Annotations

Branches:
Dungeon (1/1)

Altars:


Message History

Casting: Scorch (safe; 1% risk of failure)
Confirm with . or Enter, or press ? or * to list all spells.
You conjure some foxfire!
The wolf barely misses you.
The foxfire hits the human.
The human is moderately wounded.
Unknown command.
Your foxfire dissipates!
The wolf is no longer more vulnerable to fire.
The wolf closely misses you. The wolf bites you.
Casting: Foxfire (safe; 2% risk of failure)
Confirm with . or Enter, or press ? or * to list all spells.
Flames lash the wolf.
The wolf is heavily wounded.
The wolf's fire resistance burns away.
The wolf bites you.
Casting: Scorch (safe; 1% risk of failure)
Confirm with . or Enter, or press ? or * to list all spells.
Flames lash the wolf.
The wolf is burned terribly!
You kill the wolf!
Your Spellcasting skill increases to level 5!
Your Fire Magic skill increases to level 6!
Unknown command.
Casting: Scorch (safe; 1% risk of failure)
Confirm with . or Enter, or press ? or * to list all spells.
Flames lash the human.
The human is severely wounded.
The human's fire resistance burns away.
The human misses you.
Casting: Scorch (safe; 1% risk of failure)
Confirm with . or Enter, or press ? or * to list all spells.
You conjure some foxfire!
The human barely misses you.
The foxfire hits the human.
The human is severely wounded.
The foxfire hits the human.
The human is burned terribly!
The human is severely wounded.
Unknown command.
You hit the human but do no damage.
The human is severely wounded.
The human misses you. Magic courses through your body. The human hits you!
You die...

▓<..#...####
▓...#......##
▓..##.....).# .#
▓##.##.##...# .#
##.##.###..# ..#
▓#.####.##..# ...+
▓.###..##..##
#...# ▓#.....##..#
#....#
###..##..@##p....#
##..##...p#......#
#..###..##†#.....#
#..# #.. ####....#
▓▓▓▓ ▓▓▓ ▓▓▓▓▓


You could see a human (combustible).

Vanquished Creatures
  Jessica (D)
  A wolf (D)
  2 endoplasms (D)
  A rat (D)
5 creatures vanquished.

Vanquished Creatures (others)
  15 foxfires (D)
15 creatures vanquished.

Grand Total: 20 creatures vanquished

Notes
Turn   | Place    | Note
-------+----------+-------------------------------------------
     0 | D        | mhtbhm the Deep Elf Fire Elementalist began the quest for
                  | the Orb.
     0 | D        | Reached XP level 1. HP: 10/10 MP: 6/6
   242 | D        | Noticed Jessica
   246 | D        | Killed Jessica
   247 | D        | Reached skill level 5 in Fire Magic
   247 | D        | Reached XP level 2. HP: 15/15 MP: 5/9
   247 | D        | Reached XP level 3. HP: 19/19 MP: 6/11
   402 | D        | Learned a level 2 spell: Scorch
   406 | D        | Learned a level 3 spell: Conjure Flame
   410 | D        | Learned a level 3 spell: Inner Flame
   419 | D        | Reached skill level 5 in Spellcasting
   419 | D        | Reached skill level 6 in Fire Magic
   423 | D        | Slain by a human

Illustrated notes

Levels and vault maps discovered:
D:        dungeon_sprint_mu [sprint_mu_entry_cave, sprint_mu_temple_rooms,
          sprint_mu_d1_horrors, sprint_mu_d2_genie, sprint_mu_d3_branching,
          sprint_mu_orc_legion, sprint_mu_elf_gauntlet, sprint_mu_hive_nellie,
          sprint_mu_lair_fedhas, sprint_mu_vaults_butterflies,
          sprint_mu_slime_circle, sprint_mu_swamp_cave, sprint_mu_snake_twists,
          sprint_mu_blade_basic, sprint_mu_crypt_chambers,
          sprint_mu_tomb_spiral, sprint_mu_vestibule_basic,
          sprint_mu_gehenna_hellfire, sprint_mu_dis_giant,
          sprint_mu_tartarus_statrot, sprint_mu_cocytus_islands, sprint_mu_zot1]

Skill      XL: |  1  2  3 |
---------------+----------+-----
Dodging        | 3 |  3.6
Stealth        | 3 |  3.3
Spellcasting   | 4 5 |  5.4
Fire Magic     | 5 6 |  6.2
Conjurations   | |  1.7

Action                   || total
-------------------------++-------
Melee: Unarmed           ||     2
 Cast: Foxfire           ||    11
       Scorch            ||     5
  Use: Potion            ||     1
Armor: Robe              ||     1
Dodge: Dodged            ||     8

Table legend: (Time is in decaauts)
 A = Elapsed time spent in this place.
 B = Non-inter-level travel time spent in this place.
 C = Inter-level travel time spent in this place.
 D = Time resting spent in this place.
 E = Time spent auto-exploring this place.
 F = Levels seen in this place.
 G = Mean time per level.
                   A        B        C        D        E       F      G
               +--------+--------+--------+--------+--------+-----+--------+
         Total |    423 |    423 |      0 |    170 |    181 |   1 |  423.0 |
       Dungeon |    423 |    423 |      0 |    170 |    181 |   1 |  423.0 |
               +--------+--------+--------+--------+--------+-----+--------+

Top non-repeatable levels by time:
       D: 423 daAuts
